 Dungeon Crawl Stone Soup version 0.28.0 (webtiles) character file.

Game seed: 6153246190045514591

5 inmateoo the Grasshopper (level 1, -3/17 HPs)
             Began as a Formicid Warper on Feb 15, 2022.
             Slain by a kobold (5 damage)
             ... on level 1 of the Dungeon.
             The game lasted 00:00:16 (86 turns).

inmateoo the Grasshopper (Formicid Warper)            Turns: 86, Time: 00:00:17

Health: -3/17      AC:  3    Str: 15    XL:     1   Next: 88%
Magic:  3/3        EV: 11    Int: 12    God:
Gold:   10         SH:  0    Dex: 10    Spells: 4/4 levels left

rFire   . . .      SeeInvis +   a - +0 hand axe
rCold   . . .      Faith    .   (no shield)
rNeg    . . .      Spirit   .   b - +0 leather armour
rPois   .          Reflect  .   (helmet unavailable)
rElec   .          Harm     .   (no cloak)
rCorr   .          Rampage  .   (no gloves)
Will    .....                   (no boots)
Stlth   +.........              (no amulet)
HPRegen 0.05/turn               (no ring)
MPRegen 0.08/turn               (no ring)

@: no status effects
A: permanent stasis, dig shafts and tunnels, antennae 3, four strong arms
a: Dig, Shaft Self


You were on level 1 of the Dungeon.
You visited 1 branch of the dungeon, and saw 1 of its levels.

You collected 10 gold pieces.

Inventory:

Hand Weapons
 a - a +0 hand axe (weapon)
Missiles
 c - 5 boomerangs of dispersal (quivered)
Armour
 b - a +0 leather armour (worn)
Scrolls
 d - a scroll of teleportation {unknown}
 e - a scroll of amnesia {unknown}


   Skills:
 + Level 2.4 Fighting
 * Level 2.3 Axes
 - Level 1.0 Throwing
 - Level 1.1 Armour
 - Level 1.7 Dodging
 - Level 2.1 Spellcasting
 - Level 2.6 Translocations


You had 4 spell levels left.
You didn't know any spells.
Your spell library contained the following spells:

 Spells                   Type           Power      Damage    Failure   Level
 Gell's Gravitas          Tloc           7%         N/A       32%         3
 Lesser Beckoning         Tloc           7%         N/A       32%         3
 Teleport Other           Tloc           7%         N/A       32%         3
 Manifold Assault         Tloc           7%         N/A       97%         5
 Blink                    Tloc           Unusable   N/A       N/A         2

Dungeon Overview and Level Annotations

Branches:
Dungeon (1/15)

Altars:


Innate Abilities, Weirdness & Mutations

You cannot be hasted, slowed, berserked, paralysed or teleported.
You can dig through walls and to a lower floor.
You have a pair of large antennae on your head. (SInv)
Your four strong arms can wield two-handed weapons with a shield.


Message History

A kobold comes into view. It is wielding a +0 short sword.
There are monsters nearby! 2 ball pythons come into view.
The kobold shouts!
The ball python hisses angrily.
The ball python moves out of view.
The ball python hisses angrily.
A ball python comes into view.
You hit the kobold but do no damage. You hit the ball python.
The kobold hits you with a +0 short sword.
The ball python closely misses you. The ball python barely misses you.
A rat comes into view.
The kobold misses you.
You hit the ball python.
You kill the ball python!
You closely miss the kobold.
The kobold hits you with a +0 short sword.
You barely miss the kobold. You hit the ball python. The ball python bites you.
The ball python closely misses you. The kobold hits you but does no damage.
The ball python bites you. The ball python grabs you.
The ball python constricts you.
* * * LOW HITPOINT WARNING * * *
You are too injured to fight recklessly!
You are too injured to fight recklessly!
You escape the ball python's grasp.
You closely miss the ball python.
The ball python is moderately wounded.
The ball python barely misses you. The ball python grabs you.
The ball python constricts you.
* * * LOW HITPOINT WARNING * * *
The ball python completely misses you. The ball python constricts you.
* * * LOW HITPOINT WARNING * * *
You hit the ball python.
You kill the ball python!
You closely miss the kobold.
The kobold hits you with a +0 short sword.
* * * LOW HITPOINT WARNING * * *
The kobold barely misses you.
Are you sure you want to shaft yourself?
The kobold hits you with a +0 short sword.
You die...

#.......'.........#
#.......##........#
#.......##........#
#.................#
#........#........#
######'#.##.......#
#.#..........#
#.#####.....## ###
#@# #.....# #.. #K#
###.....# ##.8
#S###.......###...
#Sr......##...∩.≈≈
#........######...
#........# { ##.8
#........# #..
##.......# ###
...r..........#


You could see 2 ball pythons, a kobold and a rat.

Vanquished Creatures
  2 ball pythons (D:1)
  An endoplasm (D:1)
  A quokka (D:1)
4 creatures vanquished.

Notes
Turn   | Place    | Note
-------+----------+-------------------------------------------
     0 | D:1      | inmateoo the Formicid Warper began the quest for the Orb.
     0 | D:1      | Reached XP level 1. HP: 16/16 MP: 3/3
    86 | D:1      | Slain by a kobold

Illustrated notes

Levels and vault maps discovered:
D:1:      mainiacjoe_arrival_reflecting_pool, layout_basic, st_stairs_8

Action                   || total
-------------------------++-------
Melee: Hand axe          ||    10
 Abil: Shaft Self        ||     1
Armor: Leather armour    ||     3
Dodge: Dodged            ||     8
